 Dungeon Crawl Stone Soup version 0.29.1-12-g30fa7ad0bf (webtiles) character file.

Game seed: 1623164664940640795

240 Radix the Firebug (level 5, -3/38 HPs)
             Began as a Demigod Fire Elementalist on Dec 12, 2022.
             Slain by SirLogeyBear's ghost (11 damage)
             ... on level 3 of the Dungeon.
             The game lasted 00:22:39 (2280 turns).

Radix the Firebug (Demigod Fire Elementalist)       Turns: 2280, Time: 00:22:40

Health: -3/38      AC:  7    Str:  8 (9)  XL:     5   Next: 50%
Magic:  0/12       EV: 16    Int: 19 (21) God:
Gold:   115        SH:  0    Dex: 11 (14) Spells: 7/10 levels left

rFire   . . .      SeeInvis .   r - +0 flail
rCold   . . .      Faith    .   (no shield)
rNeg    . . .      Spirit   .   a - +1 robe
rPois   .          Reflect  .   (no helmet)
rElec   .          Harm     .   (no cloak)
rCorr   .          Rampage  .   (no gloves)
Will    .....                   (no boots)
Stlth   ++........              (no amulet)
HPRegen 0.12/turn               g - +4 ring of protection
MPRegen 0.13/turn               d - +4 ring of evasion

@: brilliant, weak-willed
A: high MP 1, forlorn, divine attributes
a: no special abilities


You were on level 3 of the Dungeon.
You visited 1 branch of the dungeon, and saw 4 of its levels.

You collected 151 gold pieces.
You spent 36 gold pieces at shops.

Inventory:

Hand Weapons
 r - a +0 flail (weapon)
Armour
 a - a +1 robe (worn)
 q - a +2 ring mail of positive energy
Magical Staves
 s - a staff of air
Jewellery
 d - a +4 ring of evasion (right hand)
 g - a +4 ring of protection (left hand)
 h - a ring of flight
Wands
 m - a wand of paralysis (11)
 u - a wand of roots (8)
Scrolls
 k - 3 scrolls of enchant weapon {unknown}
 l - 4 scrolls of identify {unknown}
Potions
 j - a potion of degeneration
 o - a potion of flight
 t - a potion of cancellation


   Skills:
 - Level 1.7 Dodging
 - Level 1.7 Stealth
 + Level 3.2 Spellcasting
 + Level 3.1 Conjurations
 + Level 4.0 Fire Magic


You had 7 spell levels left.
You knew the following spells:

 Your Spells              Type           Power      Damage    Failure   Level
a - Foxfire               Conj/Fire      100%       2x1d9     3%          1
b - Scorch                Fire           54%        2d8       4%          2

Your spell library contained the following spells:

 Spells                   Type           Power      Damage    Failure   Level
 Conjure Flame            Conj/Fire      25%        6-21      11%         3
 Freeze                   Ice            16%        1d4       16%         1
 Summon Small Mammal      Summ           16%        N/A       16%         1
 Inner Flame              Hex/Fire       16%        N/A       19%         3
 Ensorcelled Hibernation  Hex/Ice        8%         N/A       22%         2
 Poisonous Vapours        Pois/Air       8%         N/A       22%         2
 Flame Wave               Conj/Fire      25%        2d8       34%         4
 Sticky Flame             Conj/Fire      25%        2d5       34%         4
 Call Canine Familiar     Summ           4%         N/A       41%         3
 Frozen Ramparts          Ice            8%         1d2       41%         3
 Spider Form              Tmut/Pois      4%         N/A       41%         3
 Summon Guardian Golem    Hex/Summ       4%         N/A       41%         3
 Hailstorm                Conj/Ice       13%        3d5       61%         4
 Iskenderun's Mystic Bla  Conj/Tloc      13%        2d5       61%         4
 Iskenderun's Battlesphe  Conj           22%        2d8       75%         5
 Anguish                  Hex/Necr       2%         N/A       83%         4
 Corpse Rot               Necr/Pois/Air  4%         N/A       83%         4
 Petrify                  Tmut/Erth      4%         N/A       83%         4
 Freezing Cloud           Conj/Ice/Air   5%         6-21      95%         5
 Metabolic Englaciation   Hex/Ice        2%         N/A       99%         5
 Statue Form              Tmut/Erth      2%         N/A       100%        6


Dungeon Overview and Level Annotations

Branches:
Dungeon (4/15)
 Temple: D:4-7

Shops:
D:2 (   D:3 !

Annotations:
D:3 SirLogeyBear's ghost, amateur HOBe


Innate Abilities, Weirdness & Mutations

You have an increased reservoir of magic. (+10% MP)
You shall have no god before yourself.
Your divine heritage dramatically boosts your attributes as you level up.


Message History

SirLogeyBear's ghost is severely damaged.
SirLogeyBear's ghost closely misses you.
You barely miss SirLogeyBear's ghost.
SirLogeyBear's ghost is severely damaged.
SirLogeyBear's ghost hits you!
* * * LOW HITPOINT WARNING * * *
It was a potion of flight.
You feel very buoyant.
You fly up into the air.
SirLogeyBear's ghost closely misses you.
It was a potion of degeneration.
There was something very wrong with that liquid.
You feel weakened.
You feel dopey.
You feel clumsy.
SirLogeyBear's ghost completely misses you.
It was a potion of cancellation.
Your magical effects are unravelling.
You feel magically purged.
You float gracefully downwards.
SirLogeyBear's ghost barely misses you.
It was a potion of brilliance.
You feel clever all of a sudden.
SirLogeyBear's ghost closely misses you.
Casting: Scorch (safe; 4% risk of failure)
Confirm with . or Enter, or press ? or * to list all spells.
You feel a surge of power!
You conjure some foxfire!
SirLogeyBear's ghost completely misses you.
SirLogeyBear's ghost is no longer more vulnerable to fire.
The foxfire hits SirLogeyBear's ghost!
SirLogeyBear's ghost is almost destroyed.
The foxfire hits SirLogeyBear's ghost but does no damage.
SirLogeyBear's ghost is almost destroyed.
SirLogeyBear's ghost attacks as you move away!
SirLogeyBear's ghost hits you but does no damage.
Okay, then.
As you read the scroll labelled NOUTUE NUBOSKO, it crumbles to dust.
Magic quickly surges around you.
It was a scroll of vulnerability.
SirLogeyBear's ghost misses you.
As you read the scroll labelled KICEYC CAF ONWIK, it crumbles to dust.
You hear the tinkle of a tiny bell.
It was a scroll of butterflies.
SirLogeyBear's ghost hits you!
You die...

##..††.......#.......#
#
.#................####
# .#..............#.#
# .'.........#...##.#
# .#....######.#<##.#
# .#....# ####.####.#
# .#....# ..... ... #
.#....#
##.############ #
.#....#
#....bW@bb..... .....
# .#....#
#..[.bbbbb##### #...##
# .#....# #.#######b#
#....# # .###### #.###
.# #....# # ....#
#...# ###+#######...
.# ....# ####§#.#
#........##.####.#
....# §§§#§§.#
#................#
....##§§§§...#
#....8.........# #
....##§§§#§.##
#..............###


You could see SirLogeyBear's ghost (weak-willed, ally target).

Vanquished Creatures
  An ogre (D:3)
  A gnoll sergeant (D:3)
  Terence (D:2)
  2 adders
  A gnoll (D:1)
  2 orcs (D:3)
  5 endoplasms
  3 giant cockroaches
  4 goblins
  2 hobgoblins
  4 jackals (D:2)
  4 kobolds
  2 quokkas (D:1)
  5 ball pythons
  2 bats
  4 frilled lizards
  6 rats
49 creatures vanquished.

Vanquished Creatures (others)
  72 foxfires
  2 plants (D:1)
74 creatures vanquished.

Grand Total: 123 creatures vanquished

Notes
Turn   | Place    | Note
-------+----------+-------------------------------------------
     0 | D:1      | Radix the Demigod Fire Elementalist began the quest for the
                  | Orb.
     0 | D:1      | Reached XP level 1. HP: 14/14 MP: 5/5
    53 | D:1      | Reached skill level 1 in Conjurations
   402 | D:1      | Reached XP level 2. HP: 18/20 MP: 5/7
   411 | D:1      | Reached skill level 3 in Fire Magic
   886 | D:2      | Learned a level 2 spell: Scorch
   918 | D:2      | Reached XP level 3. HP: 26/26 MP: 3/9
  1058 | D:2      | Noticed Terence
  1069 | D:2      | Killed Terence
  1445 | D:2      | Found Sasiurr's Weapon Shop.
  1610 | D:2      | Reached XP level 4. HP: 33/33 MP: 8/10
  1695 | D:2      | Got Cetotohu's Directory of Striking
  1825 | D:3      | Noticed an ogre
  1843 | D:3      | Killed an ogre
  1844 | D:3      | Reached XP level 5. HP: 37/38 MP: 3/12
  2121 | D:3      | Found Suzxui Aschu's Distillery.
  2130 | D:3      | Bought a potion of curing for 36 gold pieces
  2196 | D:3      | Found a runed translucent door.
  2207 | D:3      | Noticed SirLogeyBear's ghost (amateur HOBe)
  2221 | D:3      | Reached skill level 4 in Fire Magic
  2258 | D:3      | HP: 1/38 [SirLogeyBear's ghost (11)]
  2280 | D:3      | Slain by SirLogeyBear's ghost

Illustrated notes

Levels and vault maps discovered:
D:1:      dpeg_arrival_more_subterranean_lakeside_camping, layout_basic,
          chequers_ecumenical_altar_grove, corner_web_ring, kennysheep_doodads,
          minmay_tree_intersection, nicolae_grassy_gnolls
D:2:      layout_basic, serial_shops, shop, basic_altar, uniq_terence
D:3:      layout_basic, serial_shops, nicolae_shop_statue_plus,
          ebering_ghost_inner_flame
D:4:      layout_basic, wad_orctagon, uniq_grinder

Skill      XL: |  1  2  3  4  5 |
---------------+----------------+-----
Conjurations   | 1 2 3 |  3.1
Spellcasting   | 2 3 |  3.2
Fire Magic     | 3 4 |  4.0
Dodging        | |  1.7
Stealth        | |  1.7

Action                   |  1- 3 |  4- 6 || total
-------------------------+-------+-------++-------
Melee: Dagger            |    13 |       ||    13
       Whip              |    46 |       ||    46
       Flail             |    16 |    11 ||    27
 Cast: Foxfire           |    26 |    18 ||    44
       Scorch            |     6 |    17 ||    23
  Use: Potion            |       |     9 ||     9
       Scroll            |       |     4 ||     4
Armor: Robe              |    34 |     9 ||    43
Dodge: Dodged            |    81 |    41 ||   122
